 Dungeon Crawl Stone Soup version 0.28-a0-1510-gd0f6b136d3 (webtiles) character file.

Game seed: 1482704913370426606

14 esteth the Skirmisher (level 2, -3/27 HPs)
             Began as a Hill Orc Fighter on Jan 15, 2022.
             Succumbed to a kobold's poison
             ... on level 1 of the Dungeon.
             The game lasted 00:00:28 (126 turns).

esteth the Skirmisher (Hill Orc Fighter)             Turns: 126, Time: 00:00:28

Health: -3/27      AC:  6    Str: 18    XL:     2   Next: 41%
Magic:  2/2        EV:  9    Int:  8    God:
Gold:   11         SH:  4    Dex: 10    Spells: 1/1 levels left

rFire   . . .      SeeInvis .   a - +0 war axe
rCold   . . .      Faith    .   c - +0 buckler
rNeg    . . .      Spirit   .   b - +0 scale mail
rPois   .          Reflect  .   (no helmet)
rElec   .          Harm     .   (no cloak)
rCorr   .          Rampage  .   (no gloves)
Will    .....                   (no boots)
Stlth   ..........              (no amulet)
HPRegen 0.09/turn               (no ring)
MPRegen 0.08/turn               (no ring)

@: lethally poisoned (-3 -> -20)
A: no striking features
a: no special abilities


You were on level 1 of the Dungeon.
You visited 1 branch of the dungeon, and saw 1 of its levels.

You collected 11 gold pieces.

Inventory:

Hand Weapons
 a - a +0 war axe (weapon)
Armour
 b - a +0 scale mail (worn)
 c - a +0 buckler (worn)
Scrolls
 e - a scroll of silence {unknown}
 f - a scroll of magic mapping {unknown}
Potions
 d - a potion of might


   Skills:
 + Level 4.1 Fighting
 + Level 3.4 Axes
 - Level 3.2 Armour
 - Level 3.2 Shields


You had one spell level left.
You didn't know any spells.
Your spell library was empty.

Dungeon Overview and Level Annotations

Branches:
Dungeon (1/15)

Altars:


Message History

You hit the hobgoblin but do no damage.
The hobgoblin hits you but does no damage.
The jackal bites you but does no damage.
The kobold hits you but does no damage.
You are poisoned.
The hobgoblin hits you but does no damage.
You closely miss the kobold. You barely miss the hobgoblin. You hit the jackal.
You kill the jackal!
You feel sick. You block the kobold's attack.
The hobgoblin hits you but does no damage.
The kobold closely misses you.
You hit the kobold.
The kobold is severely wounded.
You barely miss the endoplasm. You closely miss the hobgoblin.
You feel sick. The endoplasm freezes you.
You are frozen.
You block the hobgoblin's attack. The kobold barely misses you.
The endoplasm barely misses you.
You miss the kobold.
The kobold is severely wounded.
You hit the endoplasm. You slash the hobgoblin!
You kill the hobgoblin!
You feel sick.
A bat comes into view.
The kobold closely misses you.
The endoplasm hits you but does no damage.
The kobold hits you with a +2 dagger of venom.
You are lethally poisoned!
The bat moves out of view.
Okay, then.
You slash the endoplasm!
You kill the endoplasm!
You hit the kobold but do no damage.
* * * LOW HITPOINT WARNING * * *
You feel very sick.
The kobold hits you with a +2 dagger of venom.
* * * LOW HITPOINT WARNING * * *
You are more poisoned.
You closely miss the kobold.
The kobold is severely wounded.
You die...

##......#. ##........
##........# #
###.........##.#
............. #
#.........#
#.###...K††.#
#.......@.######
##............. #
#.......######
#.#.##....#############
##.#.##...##
###.......###
.....#..##
#...........## #..#..#
#....##'##....##
#.....#
...####.####...#
#..#.## .
##...§...##..##


You could see a kobold.

Vanquished Creatures
  2 endoplasms (D:1)
  A goblin (D:1)
  2 hobgoblins (D:1)
  3 jackals (D:1)
  A bat (D:1)
  A kobold (D:1)
  2 rats (D:1)
12 creatures vanquished.

Notes
Turn   | Place    | Note
-------+----------+-------------------------------------------
     0 | D:1      | esteth the Hill Orc Fighter began the quest for the Orb.
     0 | D:1      | Reached XP level 1. HP: 19/19 MP: 1/1
   119 | D:1      | Reached skill level 4 in Fighting
   119 | D:1      | Reached XP level 2. HP: 19/27 MP: 2/2
   126 | D:1      | Succumbed to a kobold's poison

Illustrated notes

Levels and vault maps discovered:
D:1:      dpeg_arrival_concentric_ovals, layout_loops_ring, serial_shops,
          nicolae_shop_advertising_works [nicolae_subvault_shop_adworks]

Skill      XL: |  1 |
---------------+----+-----
Axes           | 3 |  3.4
Fighting       | 4 |  4.1
Armour         | |  3.2
Shields        | |  3.2

Action                   || total
-------------------------++-------
Melee: War axe           ||    27
Armor: Scale mail        ||    27
Dodge: Dodged            ||    23
Block: Buckler           ||     8

Table legend: (Time is in decaauts)
 A = Elapsed time spent in this place.
 B = Non-inter-level travel time spent in this place.
 C = Inter-level travel time spent in this place.
 D = Time resting spent in this place.
 E = Time spent auto-exploring this place.
 F = Levels seen in this place.
 G = Mean time per level.
                   A        B        C        D        E       F      G
               +--------+--------+--------+--------+--------+-----+--------+
         Total |    136 |    136 |      0 |      0 |     82 |   1 |  136.0 |
       Dungeon |    136 |    136 |      0 |      0 |     82 |   1 |  136.0 |
               +--------+--------+--------+--------+--------+-----+--------+

Top non-repeatable levels by time:
     D:1: 136 daAuts
